 Dungeon Crawl Stone Soup version 0.16-a0-148-g3b84123 (webtiles) character file.

770327 MrRokkomies the Phalangite (level 27, -37/223 (251) HPs)
             Began as a Centaur Hunter on Aug 7, 2014.
             Was the Champion of the Shining One.
             Killed from afar by Mara (38 damage)
             ... with a bolt of fire
             ... on Level 3 of the Tomb of the Ancients on Aug 15, 2014.
             The game lasted 12:58:37 (127281 turns).

MrRokkomies the Phalangite (Centaur Hunter)       Turns: 127281, Time: 12:58:38

HP -37/223 (251) AC 32     Str 16 (19) XL: 27
MP   1/12        EV 19     Int 13 (15) God: the Shining One [******]
Gold 6986        SH  0     Dex 14 (18) Spells:  7 memorised, 16 levels left

rFire  . . .     SeeInvis +     a - +6 bardiche "Vuempup" {antimagic, rC+}
rCold  + . .     Clarity  .     V - +4 faerie dragon armour {rElec MR+ Str+2}
rNeg   + + +     rCorr    +     (no shield)
rPois  .         rRot     .     A - +2 helmet of Hedging {Int+2 Slay+3}
rElec  +         Spirit   .     C - +4 dragonskin cloak
SustAb +         Warding  .     T - +0 pair of gloves "Streur" {+Blink rN+ Slay+4 SInv}
rMut   .         Stasis   +     q - +4 centaur barding
Gourm  .                        l - amulet of stasis
MR     +++..                    L - ring of sustain abilities
                                d - ring of sustain abilities

@: glowing, very quick, extremely resistant to hostile enchantments, extremely
unstealthy
A: hooves 3, deformed body, speed 2, tough skin 3
a: Divine Shield, Cleansing Flame, Summon Divine Warrior, Renounce Religion,
Evoke Blink
}: 5/15 runes: barnacled, slimy, silver, golden, gossamer


You were on level 3 of the Tomb of the Ancients.
You worshipped the Shining One.
The Shining One was exalted by your worship.
You were very hungry.

You visited 14 branches of the dungeon, and saw 69 of its levels.
You visited the Abyss 1 time.
You also visited: Labyrinth, Ossuary, Ice Cave and Wizlab.

You collected 11324 gold pieces.
You spent 4338 gold pieces at shops.

Inventory:

Hand weapons
 a - the +6 bardiche "Vuempup" (weapon) {antimagic, rC+}
   (You found it on level 1 of the Elven Halls)

   It disrupts the flow of magical energy around spellcasters and certain
   magical creatures (including the wielder).
   It protects you from cold.
 b - a +9 longbow of holy wrath
Missiles
 c - 765 arrows
 P - 37 arrows of dispersal
Armour
 q - a +4 centaur barding (worn)
 A - the +2 helmet of Hedging (worn) {Int+2 Slay+3}
   (You found it on level 2 of the Spider Nest)

   It affects your intelligence (+2).
   It affects your accuracy and damage with ranged weapons and melee attacks
   (+3).
 C - the +4 dragonskin cloak (worn)
   (You took it off Tiamat on level 3 of the Realm of Zot)
 T - the +0 pair of gloves "Streur" (worn) {+Blink rN+ Slay+4 SInv}
   (You found it on level 3 of the Elven Halls)

   It affects your accuracy and damage with ranged weapons and melee attacks
   (+4).
   It protects you from negative energy.
   It enhances your eyesight.
   It lets you blink.
 V - the +4 faerie dragon armour (worn) {rElec MR+ Str+2}
   (You took it off the Enchantress on level 4 of the Depths)

   It affects your strength (+2).
   It insulates you from electricity.
   It affects your resistance to hostile enchantments.
Magical devices
 h - a wand of cold (11)
 k - a wand of lightning (0)
 m - a wand of cold (9)
 p - a wand of disintegration (13)
 z - a wand of teleportation (4)
 M - a wand of heal wounds (4)
 N - a wand of digging (17)
 W - a wand of hasting (3)
Comestibles
 f - 24 bread rations
Scrolls
 i - 6 scrolls of fog
 j - 4 scrolls of vulnerability
 o - a scroll of silence
 r - 2 scrolls of magic mapping
 w - 8 scrolls of fear
 x - 2 scrolls of summoning
 B - 11 scrolls of identify
 K - 22 scrolls of remove curse
 Q - a scroll of enchant armour
 R - 8 scrolls of teleportation
 Z - 6 scrolls of blinking
Jewellery
 d - a ring of sustain abilities (left hand)
 l - an amulet of stasis (around neck)
 t - a cursed ring of poison resistance
 u - the amulet "Mnun" {Ward rN+ MR++ Dex+4}
   (You found it on level 3 of the Crypt)

   [amulet of warding]

   It may prevent the melee attacks of summoned creatures.
   It affects your dexterity (+4).
   It protects you from negative energy.
   It affects your resistance to hostile enchantments.
 v - a cursed ring of protection from cold
 y - a cursed ring of teleport control
 D - a cursed ring of protection from fire
 G - a cursed amulet of clarity
 I - a cursed ring of protection from magic
 J - an uncursed amulet of resist mutation
 L - a ring of sustain abilities (right hand)
 Y - a cursed ring of protection from fire
Potions
 e - a potion of curing
 E - 2 potions of magic
 F - a potion of heal wounds
 H - 6 potions of might
 S - a potion of agility
Books
 n - Irrufeas' Grimoire of the Harmful Frostbite
   (You found it on level 3 of the Tomb of the Ancients)

   Spells                             Type                      Level
   Throw Frost                        Conjuration/Ice              2
   Ice Form                           Ice/Transmutation            4
   Summon Ice Beast                   Ice/Summoning                4
   Condensation Shield                Ice                          4
   Venom Bolt                         Conjuration/Poison           5
Miscellaneous
 g - a phial of floods
 O - a stone of tremors
 U - a lamp of fire
Rods
 s - a +8 lightning rod (11/11)
   (You took it off a yaktaur captain on level 5 of the Vaults)


   Skills:
 * Level 21.6 Fighting
 * Level 22.5 Polearms
 - Level 15.0 Bows
 - Level 10.0 Armour
 - Level 20.0 Dodging
 - Level 0.5 Stealth
 - Level 6.0 Spellcasting
 - Level 15.0 Charms
 - Level 8.0 Summonings
 - Level 18.0 Translocations
 - Level 13.8 Invocations
 - Level 10.0 Evocations


You had 16 spell levels left.
You knew the following spells:

 Your Spells              Type           Power        Failure   Level  Hunger
a - Blink                 Tloc           N/A          0%          2    #......
b - Summon Butterflies    Summ           ###.....     1%          1    None
c - Haste                 Chrm           #####...     6%          6    #######
d - Repel Missiles        Chrm/Air       ###...       1%          2    #......
e - Abjuration            Summ           ###.......   1%          3    ###....
f - Controlled Blink      Tloc           N/A          10%         7    #######
g - Apportation           Tloc           ######....   0%          1    None


Dungeon Overview and Level Annotations

Branches:
Dungeon (15/15)            Temple (1/1) D:4             Orc (4/4) D:12
    Elf (3/3) Orc:3          Lair (8/8) D:8          Shoals (5/5) Lair:3
 Spider (5/5) Lair:3        Slime (6/6) Lair:8       Vaults (5/5) D:14
  Crypt (3/3) Vaults:2       Tomb (3/3) Crypt:3      Depths (5/5) D:15
   Hell (1/1)                 Dis (0/7) Hell            Geh (0/7) Hell
    Coc (0/7) Hell            Tar (0/7) Hell            Zot (5/5) Depths:5

Altars:
Ashenzari
Cheibriados
Dithmenos
Elyvilon
Fedhas
Gozag
Kikubaaqudgha
Makhleb
Nemelex Xobeh
Okawaru
Qazlal
Sif Muna
Trog
Vehumet
Xom
Yredelemnul
Zin
The Shining One

Shops:
Orc:3 (   Orc:4 *(=[   Elf:2 [   Vaults:1 =   Vaults:2 ?   Vaults:3 *
Vaults:5 ?!%   Depths:2 [   Depths:4 !![(:   Depths:5 (

Portals:
Hell: Depths:2 Depths:3 Depths:4 Depths:5
Abyss: Depths:1 Depths:3 Depths:4
Pandemonium: Depths:3
Ziggurat: Depths:3

Annotations:
D:4 Armakuni's ghost, average HuCK
Tomb:3 Mara


Innate Abilities, Weirdness & Mutations

You have hooves in place of feet.
Armour fits poorly on your strangely shaped body.
You cover ground very quickly.
You have extremely tough skin (AC +3).


Message History

You feel as if something is helping you.
MrRokkomies' illusion hits you!!
* * * LOW HITPOINT WARNING * * *
Mara gestures at you. The bolt of fire hits you!
Drink which item? (? for menu, Esc to quit)
You feel much better. MrRokkomies' illusion hits you!!
* * * LOW HITPOINT WARNING * * *
MrRokkomies' illusion hits you but does no damage.
Mara hits you with a runed demon blade.
* * * LOW HITPOINT WARNING * * *
Mara gestures at you. The bolt of fire hits you! You resist.
* * * LOW HITPOINT WARNING * * *
The bolt of fire misses Mara.
There's nothing to open nearby.
MrRokkomies' illusion closely misses you.
Mara gestures at you. The bolt of fire hits you!
You die...

..../....####'#####
............#.....##
............###....##
.............###....#
#####.........###...#
....######.....##...#
.........##.....#...#
..........##..R.....#
....#......##...@@..#
....#.......##...R..#
....#.......##...R..#
....##......##......#
....##......##......#
....##......##......#
....###............##
...## #............#
...# ##..........##


You could see 3 Maras and MrRokkomies' illusion.

Vanquished Creatures
  the royal jelly (Slime:6)
  3 ancient liches
  An orb of fire (Zot:3)
  Tiamat (Zot:3)
  Mara (Tomb:3)
  12 greater mummies
  3 curse toes
  2 Killer Klowns
  Mennas (Crypt:2)
  The ghost of Zuul the Warrior, a mighty DsGl of Qazlal (Vaults:5)
  Geryon (Hell)
  7 golden dragons
  3 bone dragons
  2 electric golems
  the Enchantress (Depths:4)
  Arachne (Spider:3)
  A Hellbinder (WizLab)
  10 tentacled monstrosities
  2 Orb Guardians (Zot:5)
  11 deep elf demonologists
  12 liches
  2 deep elf master archers (Elf:3)
  4 deep elf blademasters (Elf:3)
  6 titans
  4 quicksilver dragons
  17 storm dragons
  12 sphinxes
  6 tengu reavers
  An Executioner (Depths:3)
  11 acid blobs
  3 ancient champions
  Rupert (Elf:3)
  Frances (D:15)
  12 shadow dragons
  8 draconian monks
  6 azure jellies
  2 revenants
  14 fire giants
  18 frost giants
  7 deep elf sorcerers
  Donald (Shoals:3)
  Wiglaf (Crypt:2)
  6 iron dragons
  An orc warlord (Orc:3)
  2 draconian scorchers
  Louise (Elf:3)
  27 vault wardens
  A balrug (Depths:3)
  7 ghost moths
  2 draconian knights
  An emperor scorpion (shapeshifter) (Vaults:4)
  2 cacodemons
  4 emperor scorpions
  6 ghouls
  11 reapers
  4 draconian shifters
  6 draconian zealots
  25 stone giants
  4 draconian annihilators
  5 spriggan defenders (Depths:4)
  13 very ugly things
  8 war gargoyles
  9 rakshasas
  A curse skull (Crypt:1)
  8 draconian callers
  7 grey draconians
  9 green draconians
  A salamander firebrand (Hell)
  9 white draconians
  4 vampire knights
  6 deep elf annihilators
  A purple draconian (shapeshifter) (Depths:4)
  14 ettins
  Azrael (Spider:3)
  4 mottled draconians
  3 purple draconians
  A dire elephant (Depths:4)
  8 red draconians
  6 pale draconians
  7 black draconians
  7 yellow draconians
  17 mummy priests
  2 blizzard demons
  42 vault guards
  2 merfolk javelineers (Shoals:5)
  2 eidola (Crypt:2)
  12 death oozes
  5 crystal guardians
  A green death (Elf:3)
  An unborn (Tomb:1)
  14 fire dragons
  7 deep elf death magi
  4 minotaurs
  4 merfolk impalers
  10 great orbs of eyes
  4 deep elf high priests
  9 jiangshi
  19 yaktaur captains
  2 ravenous item mimics
  13 ice dragons
  20 ironheart preservers
  A quicksilver dragon skeleton (Tomb:3)
  9 hydras
  11 death cobs
  15 ogre magi
  A ravenous feature mimic (Depths:1)
  2 ghost crabs (Crypt:1)
  An anaconda (shapeshifter) (Vaults:4)
  6 deep troll earth magi
  3 sirens
  9 centaur warriors
  5 spriggan air magi
  19 deep troll shamans
  A thrashing horror (Abyss:1)
  A merfolk aquamancer (Shoals:2)
  The ghost of ghwc the Grappler, an experienced TrIE of Cheibriados (D:10)
  4 dancing weapons (Crypt:3)
  7 tengu warriors
  21 death yaks
  7 spriggan berserkers
  10 soul eaters
  4 titan zombies (Crypt:3)
  A spectral storm dragon (Tomb:1)
  4 catoblepae
  4 orc high priests
  7 vampire magi
  7 hell hogs (Hell)
  21 hell knights
  Erolcha (D:9)
  6 shadow wraiths
  4 sun demons
  A wretched star (Abyss:1)
  An unseen horror (D:13)
  26 deep trolls
  A very ugly thing zombie (Vaults:4)
  6 iron trolls
  6 orb spiders
  5 wizards
  54 skeletal warriors
  21 deep elf knights
  5 ice devils
  An orb spider (shapeshifter) (Depths:3)
  9 sea snakes
  11 deep elf summoners
  An anaconda zombie (Crypt:3)
  A death drake (Depths:5)
  A ghost moth zombie (Crypt:3)
  5 giant orange brains
  10 flayed ghosts
  2 ice statues
  17 deep elf conjurers
  A shadow dragon zombie (Crypt:1)
  Pikel (D:9)
  18 necromancers
  A wolf spider zombie (Vaults:3)
  16 orc knights
  68 ugly things
  5 orc sorcerers
  33 ironbrand convokers
  A deathcap (Zot:4)
  2 stone giant zombies
  2 hellions
  4 cyclopes
  8 harpies
  2 frost giant zombies
  6 hill giants
  20 wolf spiders
  A shadow dragon skeleton (Depths:3)
  14 elephants
  3 fire giant zombies
  A sixfirhy (Elf:3)
  7 griffons
  A moth of wrath (shapeshifter) (Depths:4)
  5 water nymphs
  A sphinx skeleton (Vaults:2)
  3 hell beasts (WizLab)
  A cyclops (shapeshifter) (Depths:4)
  A draconian (shapeshifter) (Vaults:1)
  An elephant (shapeshifter) (Vaults:3)
  6 manticores
  A mermaid (shapeshifter) (D:14)
  13 phantasmal warriors
  5 shining eyes
  4 fauns (Shoals:2)
  A mana viper (shapeshifter) (Depths:4)
  An iron dragon skeleton (Crypt:1)
  7 red wasps
  2 smoke demons (Depths:3)
  10 mermaids
  Maurice (D:8)
  25 vault sentinels
  Joseph (D:9)
  3 molten gargoyles
  An octopode (shapeshifter) (D:14)
  27 moths of wrath
  6 torpor snails
  A tormentor (WizLab)
  4 dire elephant zombies
  2 orange demons
  12 spiny frogs
  A gargoyle (D:14)
  5 death yak zombies (Lair:7)
  2 emperor scorpion zombies
  3 yaktaur zombies
  12 demonic crawlers
  2 efreet
  3 iron devils
  A red draconian zombie (Crypt:2)
  7 kobold demonologists
  11 komodo dragons
  7 fire drakes
  79 yaktaurs
  A yellow draconian zombie (Crypt:1)
  6 freezing wraiths
  4 hydra zombies
  A pale draconian skeleton (Crypt:2)
  8 trolls
  A fire drake (shapeshifter) (Vaults:4)
  A wandering mushroom (Zot:4)
  11 deep elf priests
  2 tengu conjurers
  2 elf skeletons (Depths:3)
  An anaconda simulacrum (Hell)
  4 red devils
  2 hellwings
  6 wind drakes
  A komodo dragon (shapeshifter) (Vaults:4)
  A blue devil (Depths:3)
  42 guardian mummies
  14 jumping spiders
  11 merfolk
  A blink frog (shapeshifter) (Depths:5)
  A polar bear (shapeshifter) (Vaults:3)
  13 polar bears
  26 two-headed ogres
  2 raiju (shapeshifter)
  A bog body (Crypt:2)
  A harpy skeleton (D:13)
  11 ravens
  An alligator zombie (Hell)
  81 slime creatures
  A tengu simulacrum (Depths:3)
  A wind drake (shapeshifter) (D:14)
  A death drake zombie (Crypt:1)
  A griffon zombie (D:12)
  4 basilisks
  A deep troll zombie (Depths:2)
  6 snapping turtles
  2 hydra skeletons (Crypt:3)
  4 boulder beetles (shapeshifter)
  11 human zombies
  An ettin zombie (Vaults:2)
  14 blink frogs
  An iron dragon simulacrum (Crypt:2)
  15 trapdoor spiders
  2 redbacks (shapeshifter)
  14 boulder beetles
  A fire dragon zombie (Crypt:3)
  36 flying skulls
  An ice dragon zombie (Vaults:4)
  7 vampires
  2 fire dragon skeletons (Crypt:3)
  4 fire elementals
  3 fire giant simulacra
  A frost giant simulacrum (Depths:3)
  13 water elementals
  11 redbacks
  9 spriggans
  12 shadows
  15 tarantellas
  4 wyverns
  4 ynoxinuls
  A yak (shapeshifter) (Vaults:2)
  2 trapdoor spiders (shapeshifter)
  45 yaks
  9 air elementals
  An elf zombie (D:15)
  2 fire bats (Depths:5)
  An ice dragon skeleton (Crypt:3)
  12 wraiths
  2 hill giant zombies
  25 deep elf magi
  8 golden eyes
  11 hippogriffs
  A wyvern (shapeshifter) (Vaults:3)
  2 humans (Depths:3)
  A human (shapeshifter) (Vaults:5)
  38 deep elf fighters
  A neqoxec (Depths:3)
  A redback simulacrum (Vaults:1)
  2 hill giant skeletons
  A spectral orb spider (Crypt:1)
  2 mottled dragons
  5 vampire mosquitoes
  10 wargs
  Edmund (D:9)
  15 porcupines
  3 spiny frog zombies
  4 hungry ghosts
  An ogre skeleton (D:15)
  2 small abominations
  A soldier ant (D:11)
  4 swamp drakes (Depths:5)
  16 water moccasins
  A putrid demonspawn skeleton (Crypt:1)
  4 sky beasts
  3 spiny frog skeletons (Hell)
  14 spiders
  13 wolves
  2 black bears
  A mermaid zombie (Shoals:3)
  4 elephant zombies
  A manticore zombie (Crypt:2)
  5 hell hounds
  5 yellow wasps
  An ogre (shapeshifter) (Elf:1)
  51 ogres
  2 ice beasts
  A slave (D:9)
  9 necrophages
  43 orc warriors
  A black bear (shapeshifter) (Depths:3)
  An alligator simulacrum (Crypt:1)
  18 centaurs
  2 boring beetles
  An ettin simulacrum (Tomb:1)
  2 blink frog zombies
  7 lost souls
  A torpor snail zombie (Depths:1)
  2 elephant skeletons (Lair:6)
  2 phantoms (D:8)
  8 boggarts
  17 crocodiles
  A fire drake zombie (Lair:4)
  23 giant frogs
  Blork the orc (D:8)
  A cyclops zombie (D:12)
  5 big kobolds
  A giant frog (shapeshifter) (Vaults:5)
  2 wyvern zombies
  3 water moccasin zombies
  5 troll zombies
  A raiju zombie (Crypt:1)
  7 yak zombies
  A hippogriff zombie (D:13)
  2 scorpions
  A polar bear zombie (Lair:4)
  15 killer bees
  7 eyes of draining
  13 hounds
  3 electric eels (D:13)
  A yellow wasp zombie (Crypt:2)
  2 quasits
  A goliath beetle (Spider:3)
  16 wights
  9 crimson imps
  A black bear zombie (Crypt:2)
  4 centaur zombies
  18 jellies
  Crazy Yiuf (D:2)
  A giant frog skeleton (D:6)
  19 orc priests
  2 yaktaur simulacra
  A two-headed ogre zombie (Vaults:4)
  3 iron imps
  18 orc wizards
  7 worker ants
  8 iguanas
  A black bear skeleton (Crypt:2)
  2 orange rats (D:8)
  7 big kobold zombies
  3 ogre zombies
  22 sheep
  Ijyb (D:6)
  A sky beast zombie (D:9)
  A hound skeleton (Crypt:1)
  Terence (D:2)
  An orange rat zombie (Crypt:1)
  26 mummies
  16 gnolls
  18 adders
  An adder (shapeshifter) (Depths:4)
  4 giant mites
  5 shadow imps
  37 green rats
  A white imp (Depths:1)
  3 worms
  6 ufetubi
  4 adder zombies (Ossuary)
  An iguana skeleton (Crypt:1)
  A gnoll skeleton (D:5)
  2 giant eyeballs (Depths:3)
  144 orcs
  13 bats
  5 giant cockroaches
  3 gnoll zombies (Ossuary)
  15 goblins
  12 hobgoblins
  12 quokkas
  5 giant geckos
  A giant mite zombie (Crypt:1)
  5 giant newts
  A giant newt zombie (Crypt:2)
  2 giant spores (D:13)
  A goblin zombie (Orc:1)
  2 hobgoblin zombies (Ossuary)
  16 jackals
  A jackal zombie (D:5)
  22 kobolds
  5 kobold zombies (Ossuary)
  35 orc zombies
  12 rats
  7 ballistomycetes (D:13)
  A crawling corpse (Elf:1)
  3 fungi
  A plant (Crypt:1)
  2 tentacles (Shoals:2)
3122 creatures vanquished.

Vanquished Creatures (collateral kills)
  24 greater mummies
  An Executioner (Elf:1)
  An acid blob (Slime:6)
  Polyphemus (Shoals:2)
  2 krakens
  An ancient champion (Tomb:3)
  A revenant (Tomb:3)
  Ilsuiw (Shoals:3)
  4 vault wardens
  Maud (Lair:7)
  2 deep elf sorcerers (Elf:3)
  4 emperor scorpions
  An azure jelly (Slime:6)
  A fire giant (Depths:1)
  A balrug (Depths:2)
  A reaper (Tomb:2)
  3 deep elf demonologists
  3 rakshasas
  7 very ugly things
  A vampire knight (Vaults:1)
  A stone giant (Vaults:1)
  The ghost of Chiseanne the Eclecticist, a powerful DsWz of Vehumet (D:15)
  A deep elf annihilator (Elf:3)
  A red draconian (Vaults:1)
  A pale draconian (shapeshifter) (Vaults:1)
  6 ettins
  6 vault guards
  A death ooze (Slime:6)
  2 jiangshi (Tomb:1)
  4 mummy priests
  7 merfolk javelineers
  4 merfolk impalers (Shoals:5)
  A fire dragon (Depths:3)
  2 yaktaur captains (Vaults:1)
  2 ironheart preservers (Vaults:3)
  A deep elf high priest (Elf:3)
  4 ice dragons
  2 great orbs of eyes
  A spriggan air mage (Depths:2)
  Nessos (D:14)
  2 hydras
  3 centaur warriors
  A deep troll shaman (D:15)
  An alligator snapping turtle (Shoals:3)
  2 deep troll earth magi (Depths:2)
  4 merfolk aquamancers (Shoals:5)
  15 death yaks
  A titan zombie (Tomb:1)
  2 orc high priests
  6 soul eaters
  A vampire mage (Vaults:1)
  5 hell knights (Depths:3)
  A skeletal warrior (Vaults:2)
  7 deep elf knights
  A sea snake (Shoals:5)
  7 deep trolls
  5 orb spiders
  2 unseen horrors (D:15)
  10 harpies
  A giant orange brain (Vaults:1)
  A death drake (Spider:3)
  2 hill giants
  2 necromancers
  A wolf spider zombie (Vaults:1)
  14 wolf spiders
  2 deep elf conjurers (Elf:1)
  4 ironbrand convokers
  A small abomination (Elf:1)
  2 harpies (shapeshifter)
  7 orc knights
  10 griffons
  2 cyclopes
  3 manticores
  3 orc sorcerers
  15 ugly things
  3 red wasps (Spider:5)
  A phantasmal warrior (Tomb:1)
  A water nymph (shapeshifter) (Depths:3)
  3 water nymphs
  A smoke demon (Tomb:3)
  4 black mambas
  18 elephants
  3 mermaids
  4 vault sentinels
  2 spiny frogs
  A guardian serpent (Depths:2)
  3 iron devils
  A torpor snail (Depths:2)
  3 komodo dragons (Lair:3)
  A komodo dragon (shapeshifter) (Vaults:4)
  A fire drake (shapeshifter) (Vaults:1)
  A redback zombie (Spider:5)
  A kobold demonologist (D:12)
  5 yaktaurs
  10 trapdoor spiders
  37 guardian mummies
  A storm dragon simulacrum (Tomb:1)
  A hellwing (Elf:3)
  A blue devil (Elf:1)
  7 polar bears (IceCv)
  15 merfolk
  5 deep elf priests
  A wind drake (Shoals:5)
  3 blink frogs (Lair:4)
  A snapping turtle (Shoals:5)
  3 trolls
  A raiju (shapeshifter) (Vaults:4)
  12 jumping spiders
  2 freezing wraiths
  2 two-headed ogres
  9 slime creatures
  A hydra skeleton (D:15)
  A basilisk (Lair:2)
  5 boulder beetles
  2 flying skulls
  A spriggan (Lair:4)
  12 redbacks
  14 tarantellas
  2 ynoxinuls
  9 shadows
  4 water elementals
  13 yaks
  2 wraiths
  An air elemental (Depths:2)
  4 deep elf magi
  A vampire (Tomb:1)
  A human (Depths:3)
  Grum (Orc:3)
  A vampire mosquito (Vaults:1)
  7 deep elf fighters
  9 wolves
  A hippogriff (Shoals:2)
  A chaos spawn (Tomb:3)
  A hungry ghost (Tomb:1)
  A mottled dragon (Vaults:2)
  2 wargs
  5 water moccasins
  A porcupine (Lair:3)
  3 black bears
  19 spiders
  7 orc warriors
  An elephant zombie (Lair:6)
  A yellow wasp (D:13)
  9 ogres
  An ettin simulacrum (Vaults:2)
  3 centaurs
  An orc zombie (Vaults:4)
  4 crocodiles
  2 boggarts (Vaults:3)
  8 giant frogs
  A gnoll sergeant (D:8)
  A killer bee (D:14)
  2 electric eels
  A troll skeleton (D:12)
  A goliath beetle (Spider:3)
  4 wights
  2 crimson imps
  A jelly (Lair:7)
  An orc wizard (Orc:4)
  An elf zombie (Vaults:1)
  2 hounds (Lair:3)
  3 orc priests
  9 iguanas
  8 sheep
  3 mummies
  19 green rats
  6 adders
  2 shadow imps
  An ufetubus (Depths:1)
  21 orcs
  A kobold (D:12)
  6 quokkas
  3 goblins
  3 bushes (Lair:7)
  4 crawling corpses (Elf:1)
  10 fungi
  6 plants
  7 tentacles
715 creatures vanquished.

Vanquished Creatures (others)
  A storm dragon (Vaults:5)
  A tengu reaver (Vaults:5)
  2 daevas
  A fire giant (Depths:4)
  An angel (Tomb:3)
  3 ghouls (Vaults:1)
  A rakshasa (Vaults:2)
  A stone giant (Vaults:5)
  A deep elf demonologist (WizLab)
  2 black draconians
  5 death cobs
  An ironheart preserver (Vaults:5)
  A ghost crab (Crypt:2)
  A dancing weapon (Crypt:3)
  A titan zombie (Depths:3)
  5 skeletal warriors
  An ironbrand convoker (Vaults:5)
  7 flayed ghosts
  6 wolf spider zombies
  5 phantasmal warriors
  4 ugly thing zombies
  3 stone giant zombies
  A tormentor (Depths:3)
  A drowned soul (Shoals:4)
  4 death yak zombies
  An iron troll zombie (Depths:3)
  3 redback zombies
  A sea snake zombie (Shoals:3)
  A yaktaur (Vaults:5)
  2 two-headed ogres (Vaults:2)
  A ghoul skeleton (Vaults:1)
  10 harpy zombies
  2 hydra zombies
  2 ettin zombies
  A catoblepas zombie (Lair:8)
  8 jumping spider zombies
  4 fire elementals
  A raven (Depths:4)
  A demonic crawler zombie (Spider:5)
  4 red wasp zombies
  A deep elf mage (Vaults:2)
  11 tarantella zombies
  7 trapdoor spider zombies (Spider:5)
  4 griffon zombies
  2 ettin skeletons
  2 fire dragon zombies
  A wind drake zombie (Shoals:5)
  7 flying skulls
  A tarantella (Spider:3)
  A water elemental (Shoals:3)
  2 vampires
  2 deep elf fighters
  A raven zombie (Depths:1)
  3 vampire mosquitoes (Vaults:2)
  2 merfolk zombies (Shoals:2)
  2 tengu zombies
  4 deep troll zombies
  4 orb spider zombies
  An orc warrior (Vaults:4)
  3 spiny frog zombies
  A human skeleton (Depths:3)
  A mermaid zombie (Shoals:5)
  4 elephant zombies
  2 ogres (Vaults:2)
  A manticore zombie (Lair:3)
  2 blink frog zombies (Lair:4)
  4 elephant skeletons (Lair:6)
  4 orc skeletons
  5 lost souls
  A fire drake zombie (Lair:5)
  16 yaktaur zombies
  3 vampire mosquito zombies
  2 komodo dragon zombies
  5 spider zombies
  2 water moccasin zombies
  A cyclops zombie (Shoals:3)
  3 boulder beetle zombies
  A troll zombie (Vaults:3)
  2 polar bear zombies
  9 yak zombies
  2 hippogriff zombies (Lair:4)
  7 wolf zombies
  A kobold zombie (Depths:3)
  16 ogre zombies
  A wolf skeleton (Lair:8)
  6 centaur zombies
  37 elf zombies
  4 two-headed ogre zombies
  A giant frog skeleton (D:13)
  A two-headed ogre skeleton (Depths:3)
  25 human zombies
  2 mummies
  A gnoll zombie (Orc:3)
  A shadow imp (D:14)
  An iguana skeleton (Lair:3)
  48 orc zombies
  An adder skeleton (D:12)
  3 adder zombies
  5 sheep zombies
  3 green rat zombies (Lair:7)
  A hobgoblin (D:9)
  A goblin zombie (Orc:3)
  A hobgoblin zombie (Orc:3)
  2 bushes (Lair:7)
  3 butterflies (Zot:4)
  32 fungi (Lair:6)
  21 plants
  21 tentacles
  239 tentacle segments
719 creatures vanquished.

Grand Total: 4556 creatures vanquished

Notes
Turn   | Place    | Note
--------------------------------------------------------------
     0 | D:1      | MrRokkomies, the Centaur Hunter, began the quest for the Orb.
     0 | D:1      | Reached XP level 1. HP: 16/16 MP: 1/1
   261 | D:1      | Reached XP level 2. HP: 23/23 MP: 2/2
   714 | D:2      | Reached XP level 3. HP: 28/30 MP: 3/3
   809 | D:2      | Noticed Terence
   829 | D:2      | Killed Terence
   829 | D:2      | Reached skill level 6 in Bows
  1668 | D:2      | Noticed Crazy Yiuf
  1985 | D:2      | Reached XP level 4. HP: 33/37 MP: 3/3
  2020 | D:2      | You fall through a shaft!
  2855 | D:2      | Killed Crazy Yiuf
  2855 | D:2      | Reached skill level 7 in Bows
  2855 | D:2      | Reached XP level 5. HP: 31/45 MP: 4/4
  2948 | D:4      | Noticed Armakuni's ghost (average HuCK)
  3604 | D:4      | Found a staircase to the Ecumenical Temple.
  3617 | D:4      | Reached XP level 6. HP: 47/52 MP: 5/5
  3666 | Temple   | Entered the Ecumenical Temple
  3780 | Temple   | Became a worshipper of Yredelemnul the Dark
  3831 | D:4      | Found a glowing silver altar of Zin.
  3876 | D:4      | Noticed a black bear
  3890 | D:4      | Killed a black bear
  3890 | D:4      | Reached skill level 1 in Polearms
  3890 | D:4      | Reached skill level 8 in Bows
  3949 | D:5      | Entered Level 5 of the Dungeon
  4345 | D:5      | Found a deep blue altar of Sif Muna.
  4358 | D:5      | Found a white marble altar of Elyvilon.
  4367 | D:5      | Found a bloodstained altar of Trog.
  5002 | D:5      | Reached XP level 7. HP: 59/59 MP: 5/5
  5246 | D:5      | Reached skill level 9 in Bows
  5313 | D:6      | Noticed Ijyb
  5329 | D:6      | Killed Ijyb
  5329 | D:6      | Acquired Yredelemnul's first power
  5413 | D:6      | Found an iron altar of Okawaru.
  5531 | D:6      | Reached XP level 8. HP: 32/66 MP: 6/6
  5571 | D:6      | Found a sand-covered staircase.
  5580 | Ossuary  | Entered an ossuary
  5606 | Ossuary  | Reached skill level 10 in Bows
  5932 | Ossuary  | Reached skill level 5 in Polearms
  6644 | D:7      | Reached skill level 11 in Bows
  7302 | D:7      | Found a shimmering altar of Xom.
  7668 | D:8      | Reached XP level 9. HP: 71/71 MP: 7/7
  7830 | D:8      | Noticed a two-headed ogre
  7838 | D:8      | Killed a two-headed ogre
  7838 | D:8      | Reached skill level 12 in Bows
  7908 | D:8      | Acquired Yredelemnul's second power
  7910 | D:8      | Found a staircase to the Lair.
  8223 | D:8      | Reached skill level 5 in Fighting
  8468 | D:8      | Noticed Maurice
  8738 | D:8      | Killed Maurice
  8805 | D:8      | Noticed Blork the orc
  8810 | D:8      | Killed Blork the orc
  9072 | D:8      | Your ally Blork died
  9316 | D:8      | Your ally Maurice died
  9649 | D:8      | Reached XP level 10. HP: 72/84 MP: 7/7
  9737 | Lair:1   | Entered Level 1 of the Lair of Beasts
  9752 | Lair:1   | Upgraded the game from 0.16-a0-66-gff12a3a to 0.16-a0-77-g708f960
 11530 | Lair:2   | Reached skill level 10 in Polearms
 11650 | Lair:2   | Noticed a black mamba
 11677 | Lair:2   | Killed a black mamba
 11774 | D:8      | Acquired Yredelemnul's third power
 12182 | D:9      | Reached XP level 11. HP: 97/97 MP: 8/8
 12235 | D:9      | Noticed Erolcha
 12312 | D:9      | Killed Erolcha
 12378 | D:9      | Noticed Joseph
 12395 | D:9      | Killed Joseph
 12493 | D:9      | Your ally Erolcha died
 12523 | D:9      | Reached skill level 10 in Fighting
 12772 | D:9      | Noticed Edmund
 12776 | D:9      | Killed Edmund
 12776 | D:9      | Reached skill level 1 in Invocations
 12844 | D:9      | Noticed Pikel
 12852 | D:9      | Killed Pikel
 12998 | D:9      | Your ally Edmund died
 13322 | D:10     | Entered Level 10 of the Dungeon
 13485 | D:10     | Acquired Yredelemnul's fourth power
 13797 | D:10     | Received a gift from Yredelemnul
 13801 | D:10     | Noticed ghwc's ghost (experienced TrIE)
 14163 | Lair:2   | Reached skill level 5 in Invocations
 15372 | Lair:3   | Found a staircase to the Shoals.
 15896 | Lair:3   | Reached XP level 12. HP: 96/106 MP: 21/21
 15904 | Lair:3   | Received a gift from Yredelemnul
 16133 | Lair:3   | Got a fine spear
 16134 | Lair:3   | Identified the +6 spear of Prudence {drain, +Blink +Fly rC+ Str+4} (You found it on level 3 of the Lair of Beasts)
 16526 | Lair:3   | Noticed a four-headed hydra
 16537 | Lair:3   | Killed a four-headed hydra
 16578 | Lair:3   | Found a hole to the Spider Nest.
 16592 | Lair:3   | Received a gift from Yredelemnul
 16900 | Lair:3   | Acquired Yredelemnul's fifth power
 17235 | Lair:4   | Received a gift from Yredelemnul
 17473 | Lair:4   | Reached skill level 13 in Polearms
 17476 | Lair:4   | Reached skill level 5 in Dodging
 18050 | Lair:4   | Received a gift from Yredelemnul
 18416 | Lair:4   | Reached XP level 13. HP: 102/113 MP: 22/22
 18557 | Lair:4   | Received a gift from Yredelemnul
 19197 | Lair:5   | Received a gift from Yredelemnul
 19502 | Lair:5   | Learned a level 2 spell: Blink
 19504 | Lair:5   | Learned a level 1 spell: Summon Butterflies
 20181 | Lair:6   | Found a shimmering altar of Xom.
 20317 | Lair:6   | Received a gift from Yredelemnul
 20530 | Lair:6   | Reached skill level 14 in Polearms
 21355 | Lair:6   | Received a gift from Yredelemnul
 21686 | Lair:6   | Upgraded the game from 0.16-a0-77-g708f960 to 0.16-a0-100-g0188e4c
 22452 | Lair:7   | Received a gift from Yredelemnul
 23419 | Lair:7   | Received a gift from Yredelemnul
 23710 | Lair:8   | Entered Level 8 of the Lair of Beasts
 23718 | Lair:7   | Reached XP level 14. HP: 82/121 MP: 23/23
 23894 | Lair:7   | Reached skill level 15 in Polearms
 24403 | Lair:8   | Received a gift from Yredelemnul
 24437 | Lair:8   | Found a staircase to the Slime Pits.
 24469 | Lair:8   | Noticed Maud
 24503 | Lair:7   | Killed Maud
 26697 | Lair:8   | Received a gift from Yredelemnul
 27183 | Lair:8   | Got a steaming iron amulet
 27493 | Lair:1   | Identified the amulet "Cocotrij" {rCorr Contam rElec} (You found it on level 8 of the Lair of Beasts)
 27584 | D:10     | Killed ghwc's ghost
 27860 | D:10     | Reached skill level 10 in Dodging
 27860 | D:10     | Received a gift from Yredelemnul
 28780 | D:11     | Reached skill level 16 in Polearms
 29053 | D:12     | Found a labyrinth entrance.
 29067 | Lab      | Entered a labyrinth
 30372 | D:12     | Received a gift from Yredelemnul
 31135 | D:12     | Found a staircase to the Orcish Mines.
 31153 | Orc:1    | Entered Level 1 of the Orcish Mines
 31965 | Orc:2    | Found a bloodstained altar of Trog.
 32123 | Orc:3    | Noticed Snorg
 32133 | Orc:3    | Killed Snorg
 32133 | Orc:3    | Enslaved Snorg
 32168 | Orc:3    | Noticed Grum
 32177 | Orc:3    | Received a gift from Yredelemnul
 32183 | Orc:3    | Killed Grum
 32263 | Orc:3    | Found a staircase to the Elven Halls.
 32567 | Orc:3    | Found Pazuclog's Weapon Boutique.
 32580 | Orc:3    | Reached XP level 15. HP: 126/126 MP: 24/24
 32932 | Orc:4    | Entered Level 4 of the Orcish Mines
 32932 | Orc:4    | Found a burning altar of Makhleb.
 33021 | Orc:3    | Your ally Grum died
 33041 | Orc:3    | Received a gift from Yredelemnul
 33933 | Orc:4    | Found Veisionn's Jewellery Boutique.
 33945 | Orc:4    | Received a gift from Yredelemnul
 34377 | Orc:4    | Found Muid's Antique Armour Emporium.
 34829 | Orc:4    | Paralysed by an orc sorcerer for 4 turns
 35254 | Orc:4    | Found Feczodad's Antique Weapon Shoppe.
 35453 | Orc:4    | Received a gift from Yredelemnul
 35662 | Orc:4    | Found Frow's General Store.
 35737 | Orc:4    | Bought a +0 fire dragon armour for 900 gold pieces
 36178 | D:12     | Reached skill level 1 in Armour
 36499 | D:13     | Received a gift from Yredelemnul
 37614 | D:13     | Got a pitted ring mail
 37615 | D:13     | Identified the +1 ring mail of the Comet {rPois} (You found it on level 13 of the Dungeon)
 37773 | D:14     | Found a frozen archway.
 37778 | IceCv    | Entered an ice cave
 37790 | IceCv    | Received a gift from Yredelemnul
 37931 | IceCv    | Reached skill level 17 in Polearms
 38058 | IceCv    | Received a gift from Yredelemnul
 39166 | D:14     | Received a gift from Yredelemnul
 39381 | D:14     | Noticed Nessos
 39397 | D:14     | Killed Nessos
 39769 | D:14     | Found a gate to the Vaults.
 39940 | D:15     | Entered Level 15 of the Dungeon
 39942 | D:15     | Noticed Frances
 39955 | D:15     | Killed Frances
 39985 | D:15     | Received a gift from Yredelemnul
 39987 | D:15     | Noticed Chiseanne's ghost (powerful DsWz)
 39997 | D:15     | Killed Chiseanne's ghost
 39997 | D:15     | Reached skill level 5 in Armour
 40224 | D:15     | Reached XP level 16. HP: 104/134 MP: 24/24
 40447 | D:15     | Received a gift from Yredelemnul
 40620 | D:15     | Gained mutation: You are resistant to electric shocks. [potion of beneficial mutation]
 40621 | D:15     | Gained mutation: You have very sharp teeth. [potion of beneficial mutation]
 40713 | D:15     | Found a staircase to the Depths.
 41013 | D:15     | Found an opulent altar of Gozag.
 41438 | Spider:1 | Entered Level 1 of the Spider Nest
 41628 | Spider:1 | Received a gift from Yredelemnul
 42622 | Spider:2 | Reached skill level 18 in Polearms
 42659 | Spider:2 | Got a smoking helmet
 42671 | Spider:2 | Identified the +2 helmet of Hedging {Int+2 Slay+3} (You found it on level 2 of the Spider Nest)
 43332 | Spider:3 | Noticed Azrael
 43356 | Spider:3 | Killed Azrael
 43760 | Spider:3 | Noticed Arachne
 44087 | Spider:3 | Killed Arachne
 44095 | Spider:3 | Received a gift from Yredelemnul
 44619 | Spider:4 | Got a crude robe
 44620 | Spider:4 | Identified the +0 robe "Panel" {rN+ Slay+5 Stlth++} (You found it on level 4 of the Spider Nest)
 44630 | Spider:4 | Identified a scroll of acquirement
 44989 | Spider:4 | Received a gift from Yredelemnul
 45161 | Spider:5 | Entered Level 5 of the Spider Nest
 45296 | Spider:5 | Received a gift from Yredelemnul
 45436 | Spider:5 | Received a gift from Yredelemnul
 45661 | Spider:5 | Received a gift from Yredelemnul
 45682 | Spider:5 | Reached XP level 17. HP: 136/140 MP: 7/25
 46115 | Spider:5 | Got a gossamer rune of Zot
 46520 | Shoals:1 | Entered Level 1 of the Shoals
 46561 | Shoals:1 | Received a gift from Yredelemnul
 46739 | Shoals:1 | Reached skill level 19 in Polearms
 47414 | Shoals:2 | Noticed Polyphemus
 47426 | Shoals:2 | Killed Polyphemus
 48411 | Shoals:3 | Received a gift from Yredelemnul
 48713 | Shoals:3 | Noticed Donald
 48720 | Shoals:3 | Killed Donald
 48804 | Shoals:3 | Noticed Ilsuiw
 48814 | Shoals:3 | Killed Ilsuiw
 49033 | Shoals:4 | Reached skill level 10 in Armour
 50125 | Shoals:5 | Entered Level 5 of the Shoals
 50903 | Shoals:5 | Received a gift from Yredelemnul
 51260 | Shoals:5 | Received a gift from Yredelemnul
 51404 | Shoals:5 | Reached XP level 18. HP: 136/155 MP: 26/26
 51419 | Shoals:5 | Identified the Incunabulum of Glamour (You found it on level 5 of the Shoals)
 51557 | Shoals:5 | Received a gift from Yredelemnul
 51569 | Shoals:5 | Got a barnacled rune of Zot
 51848 | Lair:1   | Upgraded the game from 0.16-a0-100-g0188e4c to 0.16-a0-110-ge8ded92
 52032 | Vaults:1 | Entered Level 1 of the Vaults
 52338 | Vaults:1 | Received a gift from Yredelemnul
 52735 | Vaults:1 | Received a gift from Yredelemnul
 53137 | Vaults:1 | Received a gift from Yredelemnul
 54271 | Vaults:1 | Got an ichor-stained chain mail
 54272 | Vaults:1 | Identified the +5 chain mail "Freatt" {Str-2 Int+3} (You found it on level 1 of the Vaults)
 54337 | Vaults:1 | Received a gift from Yredelemnul
 54460 | Vaults:1 | Found Xeasias' Jewellery Shoppe.
 54465 | Vaults:1 | Bought an uncursed ring of see invisible for 270 gold pieces
 54679 | Vaults:1 | Got a smoking scale mail
 54693 | Vaults:1 | Identified the cursed +4 scale mail of the Kraken {Str-4 Dex+5} (You found it on level 1 of the Vaults)
 54769 | Vaults:1 | Got a smoking chain mail
 54770 | Vaults:1 | Identified the cursed +2 chain mail "Clukh" {Str-2 Dex+2} (You found it on level 1 of the Vaults)
 55048 | Vaults:2 | Found Pnaemorph's Magic Scroll Shop.
 55122 | Vaults:2 | Bought a scroll of enchant armour for 150 gold pieces
 55151 | Vaults:2 | Received a gift from Yredelemnul
 55792 | Vaults:2 | Found a staircase to the Crypt.
 55913 | Vaults:2 | Reached XP level 19. HP: 103/168 MP: 26/26
 56119 | Vaults:2 | Received a gift from Yredelemnul
 56836 | Vaults:2 | Received a gift from Yredelemnul
 56899 | Vaults:2 | Reached skill level 15 in Fighting
 58531 | Vaults:3 | Found Hedeckapn's Assorted Antiques.
 58905 | Vaults:3 | Received a gift from Yredelemnul
 58967 | Vaults:3 | Received a gift from Yredelemnul
 59817 | Vaults:3 | Received a gift from Yredelemnul
 60337 | Vaults:3 | Received a gift from Yredelemnul
 60912 | Vaults:3 | Received a gift from Yredelemnul
 61265 | Vaults:3 | Reached XP level 20. HP: 179/182 MP: 27/27
 61446 | Vaults:4 | Found a magical portal.
 61451 | WizLab   | Entered The Hall of Vyfraf the Hellbinder
 61646 | WizLab   | Found a burning altar of Makhleb.
 61686 | WizLab   | Learned a level 6 spell: Haste
 61718 | WizLab   | Identified Sif Muna's Catalogue of Enchanting Creation (You found it in a wizard's laboratory)
 61721 | WizLab   | Identified the Guide on Quantum Calling (You found it in a wizard's laboratory)
 61836 | WizLab   | Gained mutation: You are frail (-10% HP). [a cacodemon]
 62763 | Vaults:4 | Received a gift from Yredelemnul
 63377 | Vaults:4 | Received a gift from Yredelemnul
 63522 | Vaults:4 | Received a gift from Yredelemnul
 63768 | Vaults:4 | Reached skill level 15 in Dodging
 63854 | Vaults:4 | Received a gift from Yredelemnul
 64006 | Vaults:4 | Received a gift from Yredelemnul
 64260 | Vaults:4 | Received a gift from Yredelemnul
 64825 | Vaults:4 | Received a gift from Yredelemnul
 65076 | Depths:1 | Entered Level 1 of the Depths
 65488 | Depths:1 | Found a gateway to Hell.
 66178 | Depths:1 | Found a one-way gate to the infinite horrors of the Abyss.
 66689 | Depths:1 | the gateway to Hell was a mimic.
 67156 | Depths:2 | Reached XP level 21. HP: 173/175 MP: 28/28
 67164 | Depths:2 | Reached skill level 15 in Bows
 67416 | Depths:2 | Found Ilattant's Antique Armour Shoppe.
 67649 | Depths:2 | Found a gateway to Hell.
 68157 | Depths:3 | Found a gateway to a ziggurat.
 68169 | Depths:3 | Paralysed by a giant eyeball for 3 turns
 69326 | Depths:3 | Received a gift from Yredelemnul
 69695 | Depths:3 | Found a burning altar of Makhleb.
 69702 | Depths:3 | Gained mutation: You are very frail (-20% HP). [a cacodemon]
 69712 | Depths:3 | Gained mutation: You are partially covered in iridescent scales (AC +4). [a cacodemon]
 69830 | Depths:3 | Reached skill level 10 in Invocations
 70441 | Depths:3 | Found a one-way gate leading to the halls of Pandemonium.
 70662 | Depths:3 | Received a gift from Yredelemnul
 70737 | Depths:3 | Paralysed by a giant eyeball for 3 turns
 70812 | Depths:3 | Paralysed by a great orb of eyes for 6 turns
 71266 | Depths:3 | Upgraded the game from 0.16-a0-110-ge8ded92 to 0.16-a0-113-gc8d9654
 71289 | Depths:3 | Received a gift from Yredelemnul
 71390 | Depths:3 | Identified a +4 rod of striking (12/12) (You found it on level 3 of the Depths)
 71623 | D:15     | Lost mutation: You are very frail (-20% HP). [potion of cure mutation]
 71623 | D:15     | Lost mutation: You are frail (-10% HP). [potion of cure mutation]
 71623 | D:15     | Lost mutation: You are resistant to electric shocks. [potion of cure mutation]
 71623 | D:15     | Lost mutation: You are partially covered in iridescent scales (AC +4). [potion of cure mutation]
 71789 | Elf:1    | Entered Level 1 of the Elven Halls
 71930 | Elf:1    | Received a gift from Yredelemnul
 71942 | Elf:1    | Got a dazzling bardiche
 71943 | Elf:1    | Identified the +6 bardiche "Vuempup" {antimagic, rC+} (You found it on level 1 of the Elven Halls)
 72310 | Elf:1    | Identified a +5 rod of clouds (14/14) (You took it off a minotaur on level 3 of the Depths)
 73066 | Elf:2    | Found Pniujolosch's Armour Boutique.
 73143 | Elf:2    | Received a gift from Yredelemnul
 73793 | Elf:3    | Entered Level 3 of the Elven Halls
 74150 | Elf:3    | Noticed Louise
 74160 | Elf:3    | Killed Louise
 74160 | Elf:3    | Reached XP level 22. HP: 187/209 MP: 12/33
 74258 | Elf:3    | Received a gift from Yredelemnul
 74525 | Elf:3    | Reached skill level 20 in Fighting
 75355 | Elf:3    | Received a gift from Yredelemnul
 75638 | Elf:3    | Noticed Rupert
 75646 | Elf:3    | Killed Rupert
 75715 | Elf:3    | Cast into the Abyss (deep elf demonologist)
 75791 | Abyss:1  | Identified the Grimoire of Clay (You found it on level 1 of the Abyss)
 75958 | Abyss:1  | Found a corrupted altar of Lugonu.
 76021 | Abyss:1  | Found a corrupted altar of Lugonu.
 76115 | Elf:3    | Escaped the Abyss
 76678 | Elf:3    | Identified a +8 rod of the swarm (11/11) (You took it off a deep elf summoner on level 3 of the Elven Halls)
 77290 | Elf:3    | Got a pair of pitted gloves
 77297 | Elf:3    | Identified the +0 pair of gloves "Streur" {+Blink rN+ Slay+4 SInv} (You found it on level 3 of the Elven Halls)
 77313 | Elf:3    | Identified the Compendium of Fire and Confrontation
 77318 | Elf:3    | Identified the Handbook of Protection and Unholy Rituals
 77336 | Elf:3    | Got a smoking leather armour
 77343 | Elf:3    | Identified the cursed -3 leather armour of Zirotelu {+Rage Dex-5 Slay+3 SInv} (You took it off a deep elf conjurer on level 3 of the Elven Halls)
 77485 | Elf:3    | Got a blackened leather armour
 77486 | Elf:3    | Identified the +2 leather armour "Gryng" {rC+} (You took it off a deep elf demonologist on level 3 of the Elven Halls)
 77492 | Elf:3    | Got a polished quarterstaff
 77493 | Elf:3    | Identified the cursed +4 quarterstaff "Hemear Bra" {crush, rC++ rN+ Dex+3} (You took it off a deep elf mage on level 3 of the Elven Halls)
 77880 | D:8      | Received a gift from Yredelemnul
 78036 | Temple   | Fell from the grace of Yredelemnul
 78036 | Temple   | Became a worshipper of the Shining One
 78526 | Crypt:1  | Entered Level 1 of the Crypt
 78565 | Crypt:1  | Reached skill level 1 in Evocations
 78850 | Crypt:1  | Acquired the Shining One's first power
 80000 | Crypt:1  | Acquired the Shining One's second power
 81112 | Crypt:2  | Noticed Mennas
 81140 | Crypt:2  | Killed Mennas
 81140 | Crypt:2  | Reached skill level 21 in Fighting
 81140 | Crypt:2  | Reached skill level 5 in Evocations
 81162 | Crypt:2  | Noticed Wiglaf
 81172 | Crypt:2  | Killed Wiglaf
 81213 | Crypt:2  | Gained mutation: Potions and wands are less effective at restoring your health. [mutagenic glow]
 81710 | Crypt:2  | Got a brightly glowing ring mail
 81711 | Crypt:2  | Identified the +4 ring mail of Focus {Str+5 Int+4} (You found it on level 2 of the Crypt)
 82842 | Crypt:3  | Entered Level 3 of the Crypt
 82866 | Crypt:2  | Reached XP level 23. HP: 215/215 MP: 11/35
 83005 | Crypt:3  | Acquired the Shining One's third power
 83766 | Crypt:3  | Identified the Papyrus of Stolen Souls
 83821 | Crypt:3  | Found an ancient bone altar of Kikubaaqudgha.
 83822 | Crypt:3  | Noticed an ancient lich
 83834 | Crypt:3  | Killed an ancient lich
 83962 | Crypt:3  | Got a smoking graven amulet
 83962 | Crypt:3  | Got a scintillating lead ring
 83965 | Crypt:3  | Identified the amulet "Mnun" {Ward rN+ MR++ Dex+4} (You found it on level 3 of the Crypt)
 83968 | Crypt:3  | Identified the ring of Greapta {rN+ Str-1 Dex+3 Stlth-} (You found it on level 3 of the Crypt)
 84259 | Crypt:3  | Found a staircase to the Tomb.
 84445 | Crypt:3  | Acquired the Shining One's fourth power
 85007 | Crypt:3  | Learned a level 2 spell: Repel Missiles
 85539 | Depths:1 | Reached skill level 10 in Evocations
 85653 | Depths:4 | Found Narye's Book Emporium.
 85668 | Depths:3 | Reached skill level 1 in Charms
 86640 | Depths:4 | Found a glowing golden altar of the Shining One.
 86645 | Depths:4 | Was forgiven by Yredelemnul
 87125 | Depths:4 | Reached skill level 5 in Charms
 87330 | Depths:4 | Reached XP level 24. HP: 44/220 MP: 11/35
 87747 | Depths:4 | Found Bekucot's Distillery.
 87747 | Depths:4 | Found Sadum's Antique Weapon Emporium.
 88696 | Depths:4 | Noticed the Enchantress
 88718 | Depths:4 | Killed the Enchantress
 88750 | Depths:4 | Got a faerie dragon armour
 88751 | Depths:4 | Identified the +4 faerie dragon armour {rElec MR+ Str+2} (You took it off the Enchantress on level 4 of the Depths)
 90128 | Depths:4 | Found Phech's Distillery.
 90128 | Depths:4 | Found Agoh's Armour Shop.
 90142 | Depths:4 | Bought 2 potions of heal wounds for 132 gold pieces
 90142 | Depths:4 | Bought a potion of heal wounds for 66 gold pieces
 90142 | Depths:4 | Bought 2 potions of heal wounds for 132 gold pieces
 90142 | Depths:4 | Bought a potion of heal wounds for 66 gold pieces
 90150 | Depths:4 | Bought a potion of curing for 32 gold pieces
 90150 | Depths:4 | Bought a potion of curing for 32 gold pieces
 90150 | Depths:4 | Bought 2 potions of curing for 64 gold pieces
 90559 | Depths:4 | Reached skill level 10 in Charms
 90848 | Depths:4 | Identified a +9 longbow of holy wrath (a +9 longbow of flaming blessed by the Shining One)
 90871 | Depths:5 | Entered Level 5 of the Depths
 91379 | Depths:5 | Found a gate to the Realm of Zot.
 92396 | Depths:5 | Reached XP level 25. HP: 230/235 MP: 12/36
 92708 | Depths:5 | Identified the Papyrus of Earthen Shape Shifting
 92824 | Depths:5 | Found Imegec's Weapon Shop.
 93430 | Vaults:5 | Entered Level 5 of the Vaults
 93486 | Vaults:5 | Noticed an ancient lich
 94012 | Vaults:5 | Noticed an ancient lich
 94118 | Vaults:4 | Gained mutation: You are dopey. (Int -2) [mutagenic glow]
 94509 | Vaults:5 | Killed an ancient lich
 95103 | Vaults:4 | HP: 10/235 [poisoned by a tengu reaver (bolt of poison)]
 95676 | Lair:1   | Lost mutation: You are dopey. (Int -2) [potion of cure mutation]
 95676 | Lair:1   | Lost mutation: Potions and wands are less effective at restoring your health. [potion of cure mutation]
 95676 | Lair:1   | Lost mutation: You have very sharp teeth. [potion of cure mutation]
 95681 | Lair:1   | Learned a level 3 spell: Abjuration
 95969 | Orc:3    | Learned a level 7 spell: Controlled Blink
 96237 | Vaults:4 | Reached skill level 1 in Summonings
 96575 | Vaults:4 | Learned a level 1 spell: Apportation
 97639 | Vaults:4 | Reached skill level 5 in Summonings
 98561 | Vaults:3 | Upgraded the game from 0.16-a0-113-gc8d9654 to 0.16-a0-119-gc74d62a
 99021 | Vaults:5 | Noticed Zuul's ghost (mighty DsGl)
 99209 | Vaults:4 | Reached skill level 1 in Translocations
 99477 | Vaults:5 | Killed Zuul's ghost
 99710 | Vaults:5 | Found Bityop's Food Shoppe.
 99725 | Vaults:5 | Found Qaupsank's Distillery.
 99819 | Vaults:5 | Reached XP level 26. HP: 194/243 MP: 12/36
 99926 | Vaults:5 | Found Qomados' Magic Scroll Emporium.
100041 | Vaults:5 | Reached skill level 5 in Translocations
100314 | Vaults:5 | Got a fine emerald amulet
100337 | Vaults:5 | Identified the amulet "Daec" {Spirit rN+} (You found it on level 5 of the Vaults)
100676 | Vaults:5 | Killed an ancient lich
100676 | Vaults:5 | Reached skill level 15 in Charms
101187 | Vaults:5 | Got a dazzling ring mail
101200 | Vaults:5 | Identified the cursed +0 ring mail of Lamuusou {Str-3 Int+3} (You found it on level 5 of the Vaults)
102264 | Vaults:5 | Got a silver rune of Zot
102726 | Orc:4    | Bought a +3 ring of intelligence for 219 gold pieces
102726 | Orc:4    | Bought an uncursed amulet of guardian spirit for 420 gold pieces
102726 | Orc:4    | Bought an uncursed amulet of resist mutation for 560 gold pieces
103555 | Slime:1  | Entered Level 1 of the Pits of Slime
104306 | Slime:4  | Reached skill level 10 in Translocations
104625 | Slime:6  | Entered Level 6 of the Pits of Slime
104652 | Slime:6  | Gained mutation: You heal slowly when monsters are visible. [a shining eye]
104777 | Slime:6  | Gained mutation: You are partially covered in slimy green scales (AC +2). [a shining eye]
105133 | Slime:6  | Noticed the royal jelly
105186 | Slime:6  | Gained mutation: You are frail (-10% HP). [a shining eye]
105295 | Slime:6  | Killed the royal jelly
105295 | Slime:6  | Was placed under penance by the Shining One
105313 | Slime:6  | Got a slimy rune of Zot
105363 | Slime:6  | Got a pair of faintly glowing gloves
105391 | Slime:6  | Gained mutation: You are weak. (Str -2) [mutagenic glow]
105541 | Slime:6  | Identified the cursed +2 pair of gloves of the Countless Spirits {rElec} (You found it on level 6 of the Pits of Slime)
106178 | Zot:1    | Entered Level 1 of the Realm of Zot
106683 | Zot:1    | Reached XP level 27. HP: 178/224 MP: 12/37
107830 | Vaults:5 | Bought a potion of cure mutation for 665 gold pieces
107832 | Vaults:5 | Lost mutation: You are frail (-10% HP). [potion of cure mutation]
107832 | Vaults:5 | Lost mutation: You are partially covered in slimy green scales (AC +2). [potion of cure mutation]
107832 | Vaults:5 | Lost mutation: You are weak. (Str -2) [potion of cure mutation]
107832 | Vaults:5 | Lost mutation: You heal slowly when monsters are visible. [potion of cure mutation]
108194 | Zot:2    | Was forgiven by the Shining One
110051 | Zot:3    | Noticed an orb of fire
110068 | Zot:3    | Killed an orb of fire
110075 | Zot:3    | Identified the Incunabulum of Feathery Confrontation (You found it on level 3 of the Realm of Zot)
111848 | Zot:4    | Noticed Tiamat
112018 | Zot:3    | Upgraded the game from 0.16-a0-119-gc74d62a to 0.16-a0-129-gbf5829b
112211 | Zot:3    | Killed Tiamat
113248 | Zot:4    | Reached skill level 15 in Translocations
114037 | Zot:5    | Entered Level 5 of the Realm of Zot
114702 | Depths:5 | Upgraded the game from 0.16-a0-129-gbf5829b to 0.16-a0-139-gc9fe9b1
114757 | Hell     | Entered the Vestibule of Hell
114763 | Hell     | Noticed Geryon
114775 | Hell     | Killed Geryon
115042 | Hell     | Found a gateway to the Iron City of Dis.
115165 | Hell     | Found a gateway to the freezing wastes of Cocytus.
115503 | Hell     | Found a gateway to the decaying netherworld of Tartarus.
115611 | Hell     | Found a gateway to the ashen valley of Gehenna.
116693 | Vaults:1 | Bought an uncursed ring of sustain abilities for 315 gold pieces
116695 | Vaults:1 | Bought an uncursed amulet of stasis for 315 gold pieces
117279 | Tomb:1   | Entered Level 1 of the Tomb of the Ancients
121217 | Tomb:1   | Upgraded the game from 0.16-a0-139-gc9fe9b1 to 0.16-a0-148-g3b84123
123883 | Tomb:1   | Reached skill level 1 in Spellcasting
124351 | Tomb:2   | Reached skill level 22 in Polearms
124529 | Tomb:3   | Entered Level 3 of the Tomb of the Ancients
126070 | Tomb:3   | Reached skill level 5 in Spellcasting
126913 | Tomb:3   | Got a golden rune of Zot
127168 | Tomb:3   | Identified Irrufeas' Grimoire of the Harmful Frostbite
127231 | Tomb:3   | Noticed Mara
127260 | Tomb:3   | Noticed MrRokkomies' illusion
127266 | Tomb:3   | Killed Mara
127268 | Tomb:3   | Noticed MrRokkomies' illusion
127279 | Tomb:3   | HP: 5/223 [MrRokkomies' illusion[Mara] (24)]
127280 | Tomb:3   | HP: 1/223 [Mara (illusionary)/bolt of fire (3)]
127281 | Tomb:3   | Killed from afar by Mara

Action                   |  1- 3 |  4- 6 |  7- 9 | 10-12 | 13-15 | 16-18 | 19-21 | 22-24 | 25-27 || total
-------------------------+-------+-------+-------+-------+-------+-------+-------+-------+-------++-------
Melee: Short sword       |    64 |    40 |       |       |       |       |       |       |       ||   104
       Spear             |       |   128 |     6 |    39 |   133 |    18 |     1 |       |       ||   325
       Dagger            |       |     6 |       |       |       |       |       |       |       ||     6
       Glaive            |       |       |   336 |   650 |  1533 |  1231 |  1050 |    55 |       ||  4855
       Trident           |       |       |       |       |     4 |       |       |       |       ||     4
       Bardiche          |       |       |       |       |       |       |   126 |  1417 |  2318 ||  3861
 Fire: Shortbow          |    59 |   122 |   212 |   211 |   345 |       |       |       |       ||   949
       Longbow           |       |       |       |       |    20 |   320 |   875 |   593 |   698 ||  2506
Throw: Throwing net      |       |     1 |     1 |     3 |       |       |       |       |       ||     5
 Cast: Repel Missiles    |       |       |       |       |       |       |       |       |     4 ||     4
       Haste             |       |       |       |       |       |       |       |       |    14 ||    14
       Blink             |       |       |       |       |       |       |       |       |     5 ||     5
       Apportation       |       |       |       |       |       |       |       |       |     1 ||     1
       Summon Butterflie |       |       |       |       |       |       |       |       |     1 ||     1
Invok: Animate Remains   |       |       |     2 |     3 |       |       |       |       |       ||     5
       Animate Dead      |       |       |       |    21 |    97 |   106 |    83 |     9 |       ||   316
       Recall Undead Sla |       |       |       |     3 |     5 |     6 |     2 |       |       ||    16
       Drain Life        |       |       |       |     1 |     1 |     3 |     2 |       |       ||     7
       Stop Recall       |       |       |       |       |     3 |     6 |     2 |       |       ||    11
       Enslave Soul      |       |       |       |       |     1 |       |       |       |       ||     1
       Summon Divine War |       |       |       |       |       |       |       |       |    10 ||    10
       Divine Shield     |       |       |       |       |       |       |       |       |     1 ||     1
       Cleansing Flame   |       |       |       |       |       |       |       |       |     1 ||     1
 Abil: Evoke Flight      |       |       |       |       |     2 |     6 |     1 |       |       ||     9
       Stop Flying       |       |       |       |       |     1 |       |       |       |       ||     1
       Evoke Teleport Co |       |       |       |       |       |       |     1 |       |     8 ||     9
Evoke: Wand              |     7 |     5 |     9 |     9 |     9 |    15 |    16 |     7 |    13 ||    90
       Rod               |       |       |       |       |       |       |     1 |       |     3 ||     4
       Phial of floods   |       |       |       |       |       |       |     1 |       |     1 ||     2
       Lamp of fire      |       |       |       |       |       |       |       |     1 |     2 ||     3
       Stone of tremors  |       |       |       |       |       |       |       |     1 |       ||     1
  Use: Scroll            |     6 |     6 |    13 |     9 |    15 |    28 |    22 |    14 |    36 ||   149
       Potion            |     1 |     3 |     2 |     5 |    11 |    11 |    13 |    18 |    16 ||    80
 Stab: Distracted        |       |       |       |     6 |    18 |    24 |    15 |     2 |     6 ||    71
       Invisible         |       |       |       |     9 |       |       |       |       |       ||     9
       Fleeing           |       |       |       |     1 |       |       |       |       |       ||     1
       Confused          |       |       |       |       |     1 |       |       |       |       ||     1
       Petrified         |       |       |       |       |     1 |       |       |       |       ||     1
       Held in net/web   |       |       |       |       |       |     3 |       |       |       ||     3
  Eat: Chunk             |       |     4 |     9 |    22 |    38 |    28 |    39 |    25 |    49 ||   214
       Beef jerky        |       |       |     2 |     2 |     6 |     4 |     1 |     1 |     3 ||    19
       Pizza             |       |       |     1 |       |       |     2 |       |     1 |     3 ||     7
       Royal jelly       |       |       |       |     1 |       |     2 |       |       |     2 ||     5
       Meat ration       |       |       |       |       |     4 |     1 |     4 |     2 |     6 ||    17
       Bread ration      |       |       |       |       |     1 |     1 |       |     1 |     3 ||     6
       Fruit             |       |       |       |       |       |     1 |     3 |     9 |    12 ||    25
